 Dungeon Crawl Stone Soup version 0.30-a0-949-g53dc5368d7 (webtiles) character file.

Game seed: 14218143361854813924

87 mopl the Shooter (level 4, -1/28 HPs)
             Began as an Octopode Hexslinger on Mar 27, 2023.
             Slain by a phantom (7 damage)
             ... on level 4 of the Dungeon.
             The game lasted 00:01:59 (1306 turns).

mopl the Shooter (Octopode Hexslinger)              Turns: 1306, Time: 00:02:00

Health: -1/28      AC:  1    Str:  9    XL:     4   Next: 51%
Magic:  3/5        EV: 13    Int: 15    God:
Gold:   51         SH:  0    Dex: 14    Spells: 4/5 levels left

rFire   . . .      SeeInvis .    a - +1 sling
rCold   . . .      Faith    .    (no shield)
rNeg    . . .      Spirit   .    (helmet restricted)
rPois   .          Reflect  .    (no amulet)
rElec   .          Rampage  .    (no ring)
rCorr   .                        (no ring)
Will    .....                    (no ring)
Stlth   ++                       (no ring)
HPRegen 0.24/turn                (no ring)
MPRegen 0.09/turn                (no ring)
                                 (no ring)
                                 (no ring)

@: no status effects
A: almost no armour, amphibious, 8 rings, camouflage 1, gelatinous body 1,
(nimble swimmer 1), tentacles
a: no special abilities


You were on level 4 of the Dungeon.
You visited 1 branch of the dungeon, and saw 3 of its levels.

You collected 51 gold pieces.

Inventory:

Hand Weapons
 a - a +1 sling (weapon)
 b - a +2 dagger of venom
 i - a +0 dagger of draining
Scrolls
 c - 2 scrolls of identify {unknown}
 e - 2 scrolls of amnesia {unknown}
 f - a scroll of poison
 g - 2 scrolls of teleportation {unknown}
 h - a scroll of brand weapon {unknown}
Potions
 d - a potion of brilliance {unknown}


   Skills:
 - Level 1.0 Fighting
 * Level 3.9 Ranged Weapons
 - Level 2.0 Dodging
 - Level 1.0 Spellcasting
 + Level 3.8 Hexes


You had 4 spell levels left.
You knew the following spells:

 Your Spells              Type           Power      Damage    Failure   Level
a - Slow                  Hex            48%        N/A       5%          1

Your spell library contained the following spells:

 Spells                   Type           Power      Damage    Failure   Level
 Magic Dart               Conj           0%         1d3       24%         1
 Inner Flame              Hex/Fire       6%         N/A       34%         3
 Portal Projectile        Hex/Tloc       12%        N/A       34%         3
 Cigotuvi's Dreadful Rot  Necr/Pois/Air  0%         N/A       36%         2
 Poisonous Vapours        Pois/Air       0%         N/A       36%         2
 Searing Ray              Conj           0%         2d4       36%         2
 Cause Fear               Hex            6%         N/A       45%         4
 Mephitic Cloud           Conj/Pois/Air  0%         N/A       58%         3
 Fulminant Prism          Conj/Hex       3%         3d5       75%         4


Dungeon Overview and Level Annotations

Branches:
Dungeon (2/15)

Altars:


Innate Abilities, Weirdness & Mutations

You cannot wear most types of armour.
You are amphibious.
You can wear up to eight rings at the same time.
Your skin changes colour to match your surroundings (Stealth+).
Your rubbery body absorbs attacks. (AC +1, EV +1)
((You are camouflaged when in or above water. (Stealth+)))
You have tentacles for arms and can constrict up to eight enemies at once.


Message History

The phantom is heavily damaged.
The phantom hits you. x2
* * * LOW HITPOINT WARNING * * *
The phantom blinks!
You blink.
You are too injured to fight recklessly!
You are too injured to fight recklessly!
You are too injured to fight recklessly!
Fire: a) +1 sling
Press: ? - help, Q - select action, (/) - cycle Shift-Dir - straight line, f/p - phantom
Aim: a phantom (heavily damaged, 46% to hit)
You shoot a sling bullet.
The sling bullet barely misses the phantom.
The phantom hits you.
* * * LOW HITPOINT WARNING * * *
The phantom blinks!
You blink.
Found a stone staircase leading down.
Fire: a) +1 sling
Press: ? - help, Q - select action, (/) - cycle Shift-Dir - straight line, f/p - phantom
Aim: a phantom (heavily damaged, 46% to hit)
You shoot a sling bullet.
The sling bullet hits the phantom but does no damage.
The phantom is heavily damaged.
The phantom misses you.
Fire: a) +1 sling
Press: ? - help, Q - select action, (/) - cycle Shift-Dir - straight line, f/p - phantom
Aim: a phantom (heavily damaged, 46% to hit)
You shoot a sling bullet. The sling bullet hits the phantom.
The phantom is severely damaged.
The phantom closely misses you.
Fire: a) +1 sling
Press: ? - help, Q - select action, (/) - cycle Shift-Dir - straight line, f/p - phantom
Aim: a phantom (severely damaged, 46% to hit)
You shoot a sling bullet.
The sling bullet closely misses the phantom.
The phantom closely misses you.
Fire: a) +1 sling
Press: ? - help, Q - select action, (/) - cycle Shift-Dir - straight line, f/p - phantom
Aim: a phantom (severely damaged, 46% to hit)
You shoot a sling bullet. The sling bullet misses the phantom.
The phantom hits you!
You die...

....[......
##.....#####
......#.. ##....## #
#...#.
#...##ยง.....## #
#...........# #
#...........# #
##...........# #.
#..........##
#...####......##..##
#.....@W...#### ###
##>......###
####...## #####


You could see a phantom.

Vanquished Creatures
  An iguana (D:4)
  2 adders
  An ufetubus (D:4)
  4 endoplasms
  2 giant cockroaches (D:1)
  3 hobgoblins (D:1)
  2 jackals (D:2)
  2 kobolds (D:1)
  2 quokkas (D:1)
  2 ball pythons (D:1)
  3 bats
  6 frilled lizards (D:1)
  5 goblins
  2 rats (D:1)
37 creatures vanquished.

Notes
Turn   | Place    | Note
-------+----------+-------------------------------------------
     0 | D:1      | mopl the Octopode Hexslinger began the quest for the Orb.
     0 | D:1      | Reached XP level 1. HP: 13/13 MP: 2/2
   171 | D:1      | Reached XP level 2. HP: 17/18 MP: 3/3
   663 | D:1      | Reached skill level 3 in Ranged Weapons
   663 | D:1      | Reached XP level 3. HP: 22/23 MP: 4/4
   980 | D:2      | You fall into a shaft and drop 2 floors!
  1237 | D:4      | Reached XP level 4. HP: 28/28 MP: 5/5
  1288 | D:4      | Noticed a phantom
  1306 | D:4      | Slain by a phantom

Illustrated notes

Levels and vault maps discovered:
D:1:      dpeg_arrival_round_a, layout_loops_corners, st_stairs_5,
          minmay_lizard_pond
D:2:      layout_basic, grunt_ministairs_15, st_stairs_1, uniq_natasha
D:4:      layout_layer_cave, uniq_edmund

Skill      XL: |  1  2 |
---------------+-------+-----
Ranged Weapons | 3 |  3.9
Fighting       | |  1.0
Dodging        | |  2.0
Spellcasting   | |  1.0
Hexes          | |  3.8

Action                     |  1- 3 |  4- 6 || total
---------------------------+-------+-------++-------
  Melee: Dagger            |    14 |     3 ||    17
         Constrict         |     2 |     1 ||     3
         Tentacles         |     1 |       ||     1
   Fire: Sling             |    86 |    19 ||   105
   Cast: Slow              |     2 |     3 ||     5
 Armour: Skin              |     3 |       ||     3
  Dodge: Dodged            |    35 |    11 ||    46

Table legend: (Time is in decaauts)
 A = Elapsed time spent in this place.
 B = Non-inter-level travel time spent in this place.
 C = Inter-level travel time spent in this place.
 D = Time resting spent in this place.
 E = Time spent auto-exploring this place.
 F = Levels seen in this place.
 G = Mean time per level.
                   A        B        C        D        E       F      G
               +--------+--------+--------+--------+--------+-----+--------+
         Total |   1327 |   1302 |     25 |     84 |   1010 |   3 |  442.3 |
       Dungeon |   1327 |   1302 |     25 |     84 |   1010 |   3 |  442.3 |
               +--------+--------+--------+--------+--------+-----+--------+

Top non-repeatable levels by time:
     D:1: 953 daAuts
     D:4: 330 daAuts
     D:2: 43 daAuts
